[Event "ICC tourney 2246 (120 10)"]
[Site "Internet Chess Club"]
[Date "2020.12.29"]
[Round "7"]
[White "kushagra12"]
[Black "e4h5"]
[Result "0-1"]
[ICCResult "White checkmated"]
[WhiteElo "1108"]
[BlackElo "1239"]
[Opening "Sicilian: dragon variation"]
[ECO "B70"]
[NIC "SI.15"]
[Time "12:01:39"]
[PlyCount "58"]
[TimeControl "7200+10"]

1. e4 c5 2. Nf3 d6 3. d4 cxd4 4. Nxd4 Nf6 5. Nc3 g6 6. Bc4 Bg7 7. O-O O-O
8. Bg5 Nc6 9. Nxc6 bxc6 10. f4 Qb6+ 11. Kh1 Ng4 12. Bxe7 Re8 13. Bxd6 Nf2+
14. Rxf2 Qxf2 15. e5 Qxf4 16. Qd3 Bf5 17. Qe2 Bxe5 18. Bxe5 Rxe5 19. Qf2
Qxf2 20. h3 Re1+ 21. Rxe1 Qxe1+ 22. Kh2 Be4 23. Nxe4 Qxe4 24. b4 Qxc4 25.
a3 Qxc2 26. a4 Rd8 27. b5 Rd2 28. Kg3 Rxg2+ 29. Kh4 Qe4# { White checkmated
} 0-1

[Event "ICC tourney 2246 (120 10)"]
[Site "Internet Chess Club"]
[Date "2020.12.29"]
[Round "7"]
[White "ryan2007"]
[Black "leonlunachen"]
[Result "0-1"]
[ICCResult "White resigns"]
[WhiteElo "1155"]
[BlackElo "749"]
[Opening "Sicilian: Kan, 5.Nc3"]
[ECO "B43"]
[NIC "SI.41"]
[Time "12:01:27"]
[PlyCount "44"]
[TimeControl "7200+10"]

1. e4 c5 2. Nf3 e6 3. d4 cxd4 4. Nxd4 a6 5. Nc3 Qc7 6. Be3 Nf6 7. Bd3 Nc6
8. O-O d5 9. exd5 exd5 10. Qf3 Bg4 11. Qg3 Bd6 12. Qh4 O-O-O 13. Nxc6 Qxc6
14. Bg5 h5 15. Bxf6 gxf6 16. Qxf6 Bxh2+ 17. Kxh2 Qxf6 18. f3 Bf5 19. Rfd1
Rhe8 20. Rd2 d4 21. Ne4 Bxe4 22. Bxe4 Qf4+ { White resigns } 0-1

[Event "ICC tourney 2246 (120 10)"]
[Site "Internet Chess Club"]
[Date "2020.12.29"]
[Round "7"]
[White "Bouchard140"]
[Black "charlesshen"]
[Result "0-1"]
[ICCResult "White checkmated"]
[WhiteElo "1250"]
[BlackElo "1125"]
[Opening "King's knight's gambit"]
[ECO "C34"]
[NIC "KG.02"]
[Time "12:01:20"]
[PlyCount "90"]
[TimeControl "7200+10"]

1. e4 e5 2. f4 exf4 3. Nf3 Nc6 4. d4 d5 5. Nc3 dxe4 6. Nxe4 Bg4 7. Be2 Bxf3
8. Bxf3 Qxd4 9. Bxf4 O-O-O 10. c3 Qb6 11. Qe2 Nf6 12. Be3 Qa5 13. Nxf6 gxf6
14. O-O Bc5 15. b4 Bxe3+ 16. Qxe3 Qe5 17. Qxe5 Nxe5 18. Bh5 Rd6 19. Rae1
Rg8 20. Rf5 Rd2 21. g3 Re8 22. Ref1 Rxa2 23. Rxf6 Rc2 24. Bxf7 Nxf7 25.
Rxf7 Rxc3 26. Rxh7 Rc4 27. Rf4 Rxf4 28. gxf4 Re4 29. f5 Rxb4 30. Kg2 Rf4
31. Rf7 a5 32. Kg3 Rf1 33. f6 a4 34. Kg4 b5 35. Kg5 a3 36. Rf8+ Kb7 37. Kg6
a2 38. Re8 a1=Q 39. f7 Qb1+ 40. Kg7 Qb2+ 41. Kg8 Qg2+ 42. Kh8 Qxh2+ 43. Kg8
Rg1+ 44. Kf8 b4 45. Ke7 Qd6# { White checkmated } 0-1

[Event "ICC tourney 2246 (120 10)"]
[Site "Internet Chess Club"]
[Date "2020.12.29"]
[Round "7"]
[White "Deanmoon32"]
[Black "DaveGriffin"]
[Result "0-1"]
[ICCResult "White resigns"]
[WhiteElo "974"]
[BlackElo "1124"]
[Opening "French: exchange variation"]
[ECO "C01"]
[NIC "QO.17"]
[Time "12:01:42"]
[PlyCount "100"]
[TimeControl "7200+10"]

1. d4 e6 2. e4 d5 3. exd5 exd5 4. Nf3 Nc6 5. Bb5 Bd7 6. Bd2 Bg4 7. O-O Nf6
8. Bg5 Be7 9. Re1 Qd6 10. Nc3 O-O-O 11. h3 Bxf3 12. Qxf3 Nxd4 13. Qd3 Nxb5
14. Nxb5 Qc5 15. Nxa7+ Kb8 16. Nb5 h6 17. Be3 d4 18. Bxd4 Rxd4 19. Nxd4 Rd8
20. c3 Nh5 21. g3 Bf6 22. Qf3 Bxd4 23. cxd4 Qd5 24. Qa3 Qxd4 25. Rad1 Qxd1
26. Rxd1 Rxd1+ 27. Kg2 Rd2 28. Qa5 Rxb2 29. Qxh5 f6 30. Qe8+ Ka7 31. Qf7 c5
32. Qxg7 c4 33. Qxf6 Rxa2 34. Qxh6 b5 35. Qg7+ Ka6 36. Qf6+ Ka5 37. Qd8+
Ka4 38. Qd1+ Ka5 39. Qb1 Ra3 40. h4 c3 41. h5 b4 42. h6 b3 43. Qf5+ Kb4 44.
Qf8+ Ka4 45. Qa8+ Kb4 46. Qb7+ Kc4 47. Qc6+ Kb4 48. Qb7+ Kc4 49. Qa6+ Rxa6
50. h7 Rh6 { White resigns } 0-1

[Event "ICC tourney 2246 (120 10)"]
[Site "Internet Chess Club"]
[Date "2020.12.29"]
[Round "7"]
[White "sunnypatelsp"]
[Black "oxdidi"]
[Result "1-0"]
[ICCResult "Black resigns"]
[WhiteElo "1163"]
[BlackElo "945"]
[Opening "Giuoco Pianissimo"]
[ECO "C50"]
[NIC "IG.02"]
[Time "12:01:25"]
[PlyCount "57"]
[TimeControl "7200+10"]

1. e4 e5 2. Nf3 Nc6 3. Bc4 Bc5 4. d3 h6 5. a3 Nf6 6. Nc3 d6 7. Bb5 Bg4 8.
b4 Bd4 9. Bb2 a6 10. Bc4 Ba7 11. Ne2 O-O 12. Ba2 Qd7 13. Qd2 Bxf3 14. gxf3
Rfe8 15. O-O-O Bxf2 16. d4 Bh4 17. Rhg1 exd4 18. Qxh6 Nh5 19. Qxh5 Bf6 20.
Nxd4 Qe7 21. Rxg7+ Bxg7 22. Nf5 Bxb2+ 23. Kxb2 Qf6+ 24. Kb1 Ne5 25. f4 Ng6
26. Rg1 Kf8 27. Qh6+ Kg8 28. Rxg6+ Qxg6 29. Qxg6+ { Black resigns } 1-0

[Event "ICC tourney 2246 (120 10)"]
[Site "Internet Chess Club"]
[Date "2020.12.29"]
[Round "7"]
[White "Chessssssser"]
[Black "Ldon22"]
[Result "1-0"]
[ICCResult "Black checkmated"]
[WhiteElo "1239"]
[BlackElo "953"]
[Opening "Sicilian defense"]
[ECO "B30"]
[NIC "SI.31"]
[Time "12:01:29"]
[PlyCount "69"]
[TimeControl "7200+10"]

1. e4 c5 2. Nf3 Nc6 3. c3 e5 4. Bb5 Qc7 5. d3 Nf6 6. Bg5 Be7 7. Bxc6 bxc6
8. Nbd2 h6 9. Bh4 d5 10. Bg3 Bd6 11. Qa4 O-O 12. Qc2 Nh5 13. c4 Nxg3 14.
hxg3 d4 15. O-O-O a5 16. a4 Rb8 17. Nf1 Bg4 18. N1h2 Bxf3 19. Nxf3 Qe7 20.
g4 f6 21. Qe2 Qf7 22. Nh4 Rb4 23. Nf5 Bc7 24. Rxh6 Rxa4 25. Kc2 Qe8 26. Rh3
Qb8 27. Rb1 Ra2 28. g5 a4 29. Qh5 Qb3+ 30. Kc1 Bd8 31. g6 Qxb2+ 32. Rxb2
Ra1+ 33. Kc2 Rc1+ 34. Kxc1 a3 35. Qh8# { Black checkmated } 1-0

[Event "ICC tourney 2246 (120 10)"]
[Site "Internet Chess Club"]
[Date "2020.12.29"]
[Round "7"]
[White "Eleyn"]
[Black "jhong2"]
[Result "0-1"]
[ICCResult "White checkmated"]
[WhiteElo "1053"]
[BlackElo "1256"]
[Opening "Pirc: Holmov system"]
[ECO "B07"]
[NIC "PU.07"]
[Time "12:01:36"]
[PlyCount "74"]
[TimeControl "7200+10"]

1. e4 d6 2. d4 Nf6 3. Nc3 g6 4. Bc4 Bg7 5. Nf3 O-O 6. O-O Nbd7 7. Re1 e5 8.
Bg5 c5 9. dxe5 dxe5 10. Nd5 Qa5 11. Bxf6 Nxf6 12. Nxe5 Nxd5 13. exd5 Re8
14. Nd3 Bf5 15. c3 b5 16. b4 cxb4 17. cxb4 Qb6 18. Rc1 bxc4 19. Rxc4 Bxd3
20. Rc6 Qxb4 21. Rxe8+ Rxe8 22. Qxd3 Re1+ 23. Qf1 Rxf1+ 24. Kxf1 Qb5+ 25.
Ke1 Qxd5 26. Rc8+ Bf8 27. Rc7 Qa5+ 28. Ke2 Qxc7 29. h3 Qc3 30. Kd1 Kg7 31.
Ke2 Kf6 32. f3 Qd4 33. Kf1 Kf5 34. g4+ Kf4 35. Kg2 Qd2+ 36. Kg1 Kg3 37. Kf1
Qf2# { White checkmated } 0-1

[Event "ICC tourney 2246 (120 10)"]
[Site "Internet Chess Club"]
[Date "2020.12.29"]
[Round "7"]
[White "DanielHan"]
[Black "thomasguchess"]
[Result "0-1"]
[ICCResult "White checkmated"]
[WhiteElo "157"]
[BlackElo "631"]
[Opening "Ruy Lopez: 5.O-O"]
[ECO "C78"]
[NIC "RL.12"]
[Time "12:01:23"]
[PlyCount "88"]
[TimeControl "7200+10"]

1. e4 e5 2. Nf3 Nc6 3. Bb5 a6 4. Ba4 Nf6 5. O-O b5 6. Bb3 Bc5 7. c3 d6 8.
d3 Rb8 9. d4 Bb6 10. d5 Ne7 11. Bc2 O-O 12. h3 Ng6 13. Na3 a5 14. b4 axb4
15. cxb4 Nf4 16. Bxf4 exf4 17. Nxb5 Bxf2+ 18. Rxf2 Rxb5 19. Nd4 Rb7 20.
Rxf4 Qe8 21. Qd2 Qe5 22. Nc6 Qxa1+ 23. Rf1 Qxa2 24. Ne7+ Kh8 25. Rxf6 gxf6
26. Qf4 Qa1+ 27. Kh2 Qe5 28. Qxe5 fxe5 29. Nc6 Bd7 30. Ne7 Rxb4 31. g4 Rb2
32. Kg3 Rxc2 33. Kh4 Re8 34. Nf5 Bxf5 35. exf5 e4 36. g5 e3 37. g6 fxg6 38.
fxg6 hxg6 39. Kg5 e2 40. Kxg6 e1=Q 41. Kf7 Rf2+ 42. Kg6 Qg1+ 43. Kh5 Rf5+
44. Kh4 Qg5# { White checkmated } 0-1

[Event "ICC tourney 2246 (120 10)"]
[Site "Internet Chess Club"]
[Date "2020.12.29"]
[Round "7"]
[White "RubyD"]
[Black "Pranavthepro"]
[Result "1/2-1/2"]
[ICCResult "Game drawn by mutual agreement"]
[WhiteElo "1122"]
[BlackElo "1078"]
[Opening "Two knights defense"]
[ECO "C58"]
[NIC "KP.01"]
[Time "12:01:42"]
[PlyCount "110"]
[TimeControl "7200+10"]

1. e4 e5 2. Nf3 Nc6 3. Bc4 Nf6 4. Ng5 d5 5. exd5 Na5 6. Bb5+ c6 7. dxc6
bxc6 8. Ba4 h6 9. Nf3 e4 10. Qe2 Be6 11. Ne5 Qc7 12. f4 Bd6 13. d3 Bxe5 14.
fxe5 Qxe5 15. dxe4 Bg4 16. Qe3 Nc4 17. Qf4 Qxf4 18. Bxf4 O-O-O 19. O-O c5
20. b3 Nb6 21. e5 Nfd5 22. Bb5 Nxf4 23. Rxf4 Rd1+ 24. Kf2 Be6 25. Re4 Bd5
26. Re1 Rxe1 27. Kxe1 Bxg2 28. Nc3 Nd5 29. Nxd5 Bxd5 30. Kf2 Kc7 31. a3 Bc6
32. Bxc6 Kxc6 33. c4 Re8 34. Re1 Rb8 35. e6 fxe6 36. Rxe6+ Kd7 37. Ra6 Rxb3
38. Rxa7+ Kd6 39. Rxg7 Rxa3 40. Rg6+ Ke5 41. Rxh6 Ra2+ 42. Kg3 Ra3+ 43. Kg4
Ra4 44. Rh5+ Kd4 45. Kf5 Kxc4 46. Rh4+ Kb5 47. Rxa4 Kxa4 48. h4 c4 49. h5
c3 50. h6 c2 51. h7 c1=Q 52. h8=Q Qb1+ 53. Ke6 Qa2+ 54. Ke7 Qa3+ 55. Kf7
Qb3+ { Game drawn by mutual agreement } 1/2-1/2

[Event "ICC tourney 2246 (120 10)"]
[Site "Internet Chess Club"]
[Date "2020.12.29"]
[Round "7"]
[White "ltristam"]
[Black "GagikG2009"]
[Result "1-0"]
[ICCResult "Black resigns"]
[WhiteElo "1297"]
[BlackElo "1130"]
[Opening "Scandinavian (center counter) defense"]
[ECO "B01"]
[NIC "SD.01"]
[Time "12:01:35"]
[PlyCount "63"]
[TimeControl "7200+10"]

1. e4 d5 2. exd5 Qxd5 3. Nc3 Qa5 4. Nf3 c6 5. d4 Qc7 6. g3 Nf6 7. Bf4 Qd8
8. Bc4 Bf5 9. Ng5 e6 10. O-O h6 11. Nf3 Bd6 12. Bxd6 Qxd6 13. Re1 O-O 14.
Nh4 Bh7 15. Bd3 Bxd3 16. Qxd3 Nbd7 17. Rad1 Nb6 18. Nf3 Rad8 19. Ne2 Rfe8
20. c4 Qc7 21. Qc2 c5 22. dxc5 Qxc5 23. b3 Ng4 24. Nf4 Rxd1 25. Rxd1 e5 26.
Nd5 Rd8 27. Nf6+ gxf6 28. Rxd8+ Kg7 29. h3 e4 30. hxg4 exf3 31. Qe4 Qa5 32.
Qe8 { Black resigns } 1-0

[Event "ICC tourney 2246 (120 10)"]
[Site "Internet Chess Club"]
[Date "2020.12.29"]
[Round "7"]
[White "steeljc"]
[Black "Agabus"]
[Result "0-1"]
[ICCResult "White checkmated"]
[WhiteElo "964"]
[BlackElo "1145"]
[Opening "Scandinavian (center counter) defense"]
[ECO "B01"]
[NIC "VO.17"]
[Time "12:02:14"]
[PlyCount "100"]
[TimeControl "7200+10"]

1. e4 d5 2. e5 Bf5 3. d4 e6 4. g4 Be4 5. f3 Bg6 6. h4 h5 7. g5 Nc6 8. Nc3
a6 9. Be3 Qd7 10. Nh3 O-O-O 11. a3 Nge7 12. Nf4 Bf5 13. Bh3 Bxh3 14. Rxh3
Nf5 15. Bf2 Be7 16. Nce2 f6 17. Ng6 fxg5 18. Nxh8 Rxh8 19. hxg5 Bxg5 20. f4
Be7 21. Qd2 Qd8 22. O-O-O g5 23. Rg1 g4 24. Rhh1 Qg8 25. Ng3 h4 26. Nxf5
exf5 27. Qe1 Qd8 28. Qe2 Kb8 29. c4 Na5 30. c5 Qe8 31. Kc2 Qa4+ 32. b3
Qxb3+ 33. Kd2 Nc4+ 34. Ke1 Qxa3 35. Rxg4 fxg4 36. Qxg4 Qc1+ 37. Qd1 Qxf4
38. Rf1 h3 39. Qb3 h2 40. c6 b5 41. Rh1 Bh4 42. Qa2 Bxf2+ 43. Kd1 Qf3+ 44.
Kc1 Qxh1+ 45. Kc2 Qe4+ 46. Kc1 Qe1+ 47. Kc2 Qd2+ 48. Kb1 Qd3+ 49. Ka1 h1=Q+
50. Qb1 Qhxb1# { White checkmated } 0-1

[Event "ICC tourney 2246 (120 10)"]
[Site "Internet Chess Club"]
[Date "2020.12.29"]
[Round "7"]
[White "mimzhang"]
[Black "kitook"]
[Result "0-1"]
[ICCResult "White checkmated"]
[WhiteElo "984"]
[BlackElo "426"]
[Opening "Four knights: Ranken variation"]
[ECO "C48"]
[NIC "KP.03"]
[Time "12:02:14"]
[PlyCount "52"]
[TimeControl "7200+10"]

1. e4 e5 2. Nf3 Nc6 3. Nc3 Nf6 4. Bb5 a6 5. Bxc6 dxc6 6. Nxe5 Qd4 7. Nf3
Nxe4 8. O-O Qc4 9. Re1 Bf5 10. d3 Qc5 11. dxe4 Bg6 12. e5 Be7 13. e6 f6 14.
Qd7+ Kf8 15. Qxc7 Rd8 16. Qxb7 Bxc2 17. Be3 Qd6 18. Nd4 Bg6 19. Red1 Qb8
20. Qxc6 Qxb2 21. a3 Bxa3 22. Rab1 Bxb1 23. Rxb1 Qxb1+ 24. Nxb1 Be7 25. Qc7
Rd6 26. Nc6 Rd1# { White checkmated } 0-1

[Event "ICC tourney 2246 (120 10)"]
[Site "Internet Chess Club"]
[Date "2020.12.29"]
[Round "7"]
[White "joefiler"]
[Black "Platocrates"]
[Result "1-0"]
[ICCResult "Black resigns"]
[WhiteElo "654"]
[BlackElo "1196"]
[Opening "Three knights game"]
[ECO "C46"]
[NIC "KP.06"]
[Time "12:01:48"]
[PlyCount "55"]
[TimeControl "7200+10"]

1. e4 e5 2. Nf3 Nc6 3. Nc3 d6 4. Bc4 Nf6 5. d3 Be6 6. Nd5 Bg4 7. h3 Bxf3 8.
Qxf3 Nd4 9. Qd1 c6 10. Nxf6+ Qxf6 11. a4 d5 12. exd5 Bc5 13. O-O cxd5 14.
Bxd5 Rd8 15. Be4 O-O 16. Bd2 Ne6 17. b4 Bd4 18. c3 Bb6 19. a5 Bc7 20. Qh5
g6 21. Qe2 Ng5 22. Bxb7 e4 23. d4 Qd6 24. f4 Ne6 25. a6 Rfe8 26. Be3 Qb6
27. d5 Qxb7 28. axb7 { Black resigns } 1-0

[Event "ICC tourney 2246 (120 10)"]
[Site "Internet Chess Club"]
[Date "2020.12.29"]
[Round "7"]
[White "acgc"]
[Black "johnzabraham"]
[Result "1-0"]
[ICCResult "Black checkmated"]
[WhiteElo "946"]
[BlackElo "1120"]
[Opening "French: exchange variation"]
[ECO "C01"]
[NIC "FR.01"]
[Time "12:01:43"]
[PlyCount "165"]
[TimeControl "7200+10"]

1. e4 e6 2. d4 d5 3. exd5 exd5 4. Nc3 Nf6 5. Nf3 Bg4 6. Be2 Be7 7. Bf4 c6
8. Ne5 Bxe2 9. Qxe2 O-O 10. O-O Re8 11. Rfe1 Bd6 12. Qf3 h6 13. Rad1 Qc7
14. Bxh6 Bxe5 15. dxe5 Rxe5 16. Rxe5 Qxe5 17. Bf4 Qf5 18. Rc1 Nbd7 19. Ne2
Ne4 20. Nd4 Qf6 21. c3 c5 22. Nb5 Ne5 23. Bxe5 Qxe5 24. Re1 a6 25. Na3 Re8
26. c4 Qxb2 27. cxd5 Qd2 28. Rd1 Nc3 29. Rf1 Re1 30. g3 Rxf1+ 31. Kxf1 Qc1+
32. Kg2 Qxa3 33. d6 Qa5 34. Qxb7 Qd8 35. d7 Kf8 36. Qc8 Ke7 37. Qxc5+ Kxd7
38. Qxc3 Qa8+ 39. f3 Qd5 40. a3 Qa2+ 41. Kh3 Qe6+ 42. g4 Qh6+ 43. Kg3 Qd6+
44. f4 g5 45. Qf3 gxf4+ 46. Qxf4 Qxa3+ 47. Kh4 Qe7+ 48. g5 Qe6 49. Qd4+ Ke8
50. Qh8+ Ke7 51. Qd4 Qe1+ 52. Kh5 Qe6 53. h4 Qe2+ 54. Kh6 Qe6+ 55. Kh7 Qg6+
56. Kh8 Qh5+ 57. Kg8 Qg6+ 58. Kh8 Qd6 59. Qe4+ Qe6 60. Qxe6+ Kxe6 61. h5
Kf5 62. h6 Kxg5 63. Kg7 f5 64. h7 f4 65. h8=Q f3 66. Qh6+ Kg4 67. Qxa6 f2
68. Qf1 Kf3 69. Kg6 Ke3 70. Kg5 Kf3 71. Kh4 Ke3 72. Kg3 Ke4 73. Qxf2 Ke5
74. Qf4+ Ke6 75. Kf3 Ke7 76. Ke4 Ke6 77. Qf5+ Ke7 78. Ke5 Ke8 79. Qe6+ Kd8
80. Qf7 Kc8 81. Kd6 Kb8 82. Kc6 Ka8 83. Qb7# { Black checkmated } 1-0

[Event "ICC tourney 2246 (120 10)"]
[Site "Internet Chess Club"]
[Date "2020.12.29"]
[Round "7"]
[White "MatthewDiao"]
[Black "caracleliem2"]
[Result "1-0"]
[ICCResult "Black checkmated"]
[WhiteElo "1178"]
[BlackElo "1152"]
[Opening "QGD Slav defense"]
[ECO "D10"]
[NIC "SL.01"]
[Time "12:01:39"]
[PlyCount "99"]
[TimeControl "7200+10"]

1. d4 d5 2. c4 c6 3. Nc3 Nf6 4. e3 e6 5. a3 Nbd7 6. Nf3 dxc4 7. Bxc4 b5 8.
Be2 a6 9. b3 c5 10. Bb2 Bb7 11. Rc1 Rc8 12. O-O Bd6 13. Nd2 O-O 14. Bf3
Bxf3 15. Qxf3 Ra8 16. Nce4 Nxe4 17. Nxe4 Qe7 18. Nxd6 Qxd6 19. dxc5 Nxc5
20. Rfd1 Qe7 21. Qg4 f6 22. Qb4 Rac8 23. Bd4 Rfd8 24. Rf1 a5 25. Bxc5 axb4
26. Bxe7 Rxc1 27. Rxc1 Rd7 28. Bxb4 Rd3 29. Rb1 Kf7 30. Kf1 e5 31. Ke2 Rd7
32. Rd1 Rc7 33. Rd5 Rc2+ 34. Kf3 Rb2 35. Rxb5 Rxb3 36. Rb7+ Kg6 37. a4 f5
38. a5 e4+ 39. Kg3 Rb2 40. a6 Ra2 41. a7 Kh6 42. Bc5 Ra5 43. Rb8 Rxc5 44.
a8=Q g6 45. Rh8 f4+ 46. exf4 Rc3+ 47. f3 Rxf3+ 48. gxf3 e3 49. Qf8+ Kh5 50.
Rxh7# { Black checkmated } 1-0

[Event "ICC tourney 2246 (120 10)"]
[Site "Internet Chess Club"]
[Date "2020.12.29"]
[Round "7"]
[White "ThorGodOfBlitz"]
[Black "jhong3"]
[Result "1-0"]
[ICCResult "Black resigns"]
[WhiteElo "1130"]
[BlackElo "934"]
[Opening "Pirc defense"]
[ECO "B07"]
[NIC "PU.08"]
[Time "12:01:36"]
[PlyCount "127"]
[TimeControl "7200+10"]

1. e4 d6 2. d4 Nf6 3. Nc3 Nc6 4. Nf3 Bg4 5. Bb5 Bxf3 6. Qxf3 a6 7. Bxc6+
bxc6 8. O-O g6 9. e5 dxe5 10. dxe5 Nd7 11. Qxc6 Bg7 12. Rd1 Ra7 13. Be3 Ra8
14. Rxd7 Qb8 15. Rxc7+ Kf8 16. Qd7 Qe8 17. Qxe8+ Rxe8 18. Re1 Bxe5 19. Bh6+
Bg7 20. Bxg7+ Kxg7 21. Rcxe7 Rb8 22. Rb1 Rhc8 23. Ree1 a5 24. Rec1 Rc4 25.
Kf1 Rcb4 26. b3 R4b6 27. Na4 Rb4 28. a3 R4b7 29. Rb2 Rc8 30. c4 Rcc7 31. c5
Rc6 32. Rd1 Re7 33. Rd6 Rcc7 34. b4 axb4 35. Rxb4 Rcd7 36. Rxd7 Rxd7 37.
Ke2 Kf6 38. Rc4 Rc7 39. Kd3 Ke5 40. Kc3 Kd5 41. c6 Rxc6 42. Rxc6 Kxc6 43.
Kb4 f5 44. Nc5 Kb6 45. a4 g5 46. a5+ Ka7 47. f3 h5 48. h3 Ka8 49. Kb5 Ka7
50. a6 g4 51. Ne6 g3 52. Ng7 f4 53. Nxh5 Ka8 54. Nxf4 Ka7 55. h4 Kb8 56. h5
Ka7 57. h6 Kb8 58. h7 Ka7 59. Kc6 Kxa6 60. h8=Q Ka5 61. Qb8 Ka4 62. Kc5 Ka3
63. Kc4 Ka2 64. Kc3 { Black resigns } 1-0

[Event "ICC tourney 2246 (120 10)"]
[Site "Internet Chess Club"]
[Date "2020.12.29"]
[Round "7"]
[White "waterycargo"]
[Black "joshebow"]
[Result "1-0"]
[ICCResult "Black checkmated"]
[WhiteElo "1222"]
[BlackElo "673"]
[Opening "Queen's pawn, Mason variation"]
[ECO "D00"]
[NIC "QP.08"]
[Time "12:01:33"]
[PlyCount "101"]
[TimeControl "7200+10"]

1. d4 d5 2. Bf4 Nc6 3. e3 a6 4. Nf3 Bf5 5. c4 e6 6. Nc3 Nf6 7. cxd5 exd5 8.
Be2 Bb4 9. O-O O-O 10. Qb3 Qe7 11. Nxd5 Nxd5 12. Qxd5 Rad8 13. Qxf5 g6 14.
Qg5 f6 15. Qg3 g5 16. Bxc7 Rd7 17. Bb6 Bd6 18. Qg4 f5 19. Qxg5+ Qxg5 20.
Nxg5 Rg7 21. Ne6 Rg6 22. Nxf8 Kxf8 23. Rac1 Rh6 24. h3 Rg6 25. Bc5 Bxc5 26.
Rxc5 b6 27. Rxf5+ Kg7 28. Bxa6 Ne7 29. Rf3 Kh6 30. Rf7 Rg7 31. Rxg7 Nf5 32.
Rb7 Kh5 33. Rxb6 h6 34. Rb5 Kh4 35. Rxf5 h5 36. Rf8 Kg5 37. Rc1 Kh4 38. Rc7
Kg5 39. Rcf7 Kh4 40. Rh8 Kg5 41. d5 Kh4 42. d6 Kg5 43. d7 Kg6 44. d8=Q Kxf7
45. Qe8+ Kf6 46. Rf8+ Kg5 47. Qe5+ Kh6 48. Qg3 Kh7 49. Bb5 h4 50. Qg4 Kh6
51. Rh8# { Black checkmated } 1-0

[Event "ICC tourney 2246 (120 10)"]
[Site "Internet Chess Club"]
[Date "2020.12.29"]
[Round "7"]
[White "chessadpa"]
[Black "traycon"]
[Result "1/2-1/2"]
[ICCResult "Game drawn by repetition"]
[WhiteElo "1132"]
[BlackElo "857"]
[Opening "Caro-Kann defense"]
[ECO "B11"]
[NIC "CK.01"]
[Time "12:01:42"]
[PlyCount "67"]
[TimeControl "7200+10"]

1. e4 c6 2. Nc3 d5 3. exd5 cxd5 4. d4 Nf6 5. Bf4 Bf5 6. h3 e6 7. Nb5 Na6 8.
c3 Be7 9. Nf3 O-O 10. Nh4 Ne4 11. Nxf5 exf5 12. Bd3 Nd6 13. Nxd6 Bxd6 14.
Bxd6 Qxd6 15. Bxf5 Rfe8+ 16. Kf1 Qf4 17. Qc2 g6 18. Bd3 Re6 19. g3 Qf3 20.
Rg1 h5 21. Be2 Qf6 22. Qb3 Rxe2 23. Kxe2 Re8+ 24. Kf1 Qe6 25. Qb5 Qxh3+ 26.
Rg2 Qh1+ 27. Rg1 Qh3+ 28. Rg2 Qh1+ 29. Rg1 Qh3+ 30. Rg2 Qh1+ 31. Rg1 Qh3+
32. Rg2 Qh1+ 33. Rg1 Qh3+ 34. Rg2 { Game drawn by repetition } 1/2-1/2

[Event "ICC tourney 2246 (120 10)"]
[Site "Internet Chess Club"]
[Date "2020.12.29"]
[Round "7"]
[White "King230"]
[Black "varunprabhu"]
[Result "1-0"]
[ICCResult "Black checkmated"]
[WhiteElo "1060"]
[BlackElo "644"]
[Opening "Hungarian defense"]
[ECO "C50"]
[NIC "IG.03"]
[Time "12:01:30"]
[PlyCount "115"]
[TimeControl "7200+10"]

1. e4 e5 2. Nf3 Nc6 3. Bc4 Be7 4. d3 Nf6 5. Ng5 O-O 6. Be3 h6 7. Nf3 d6 8.
Nc3 a6 9. h4 Bd7 10. h5 b5 11. Bd5 b4 12. Ne2 Rb8 13. Qd2 Qe8 14. Bxh6 gxh6
15. Qxh6 Nh7 16. Ng3 Bg4 17. Nh2 Bg5 18. Qxf8+ Qxf8 19. Nxg4 Nd4 20. Kf1
Nxc2 21. Rd1 Nd4 22. b3 c6 23. Bc4 a5 24. Ne3 Bxe3 25. fxe3 Nc2 26. Ke2 Na3
27. Rh4 Qg7 28. Rh3 Qg4+ 29. Kd2 Nxc4+ 30. dxc4 Rd8 31. Kc2 Qg5 32. Rd3 Qf6
33. Nf5 Qg5 34. Rg3 Qxg3 35. Nxg3 Kf8 36. Nf5 d5 37. exd5 cxd5 38. cxd5
Rc8+ 39. Kb2 Kg8 40. Ne7+ Kf8 41. Nxc8 Kg7 42. d6 Kf8 43. d7 Nf6 44. d8=Q+
Kg7 45. Rd1 Nxh5 46. Qg5+ Kh7 47. Qxh5+ Kg8 48. Rd8+ Kg7 49. Qxe5+ Kg6 50.
Ne7+ Kh7 51. Qh5+ Kg7 52. Rg8+ Kf6 53. Nc6 Ke6 54. Nxa5 Ke7 55. Qe5+ Kd7
56. Rg7 Kd8 57. Rxf7 Kc8 58. Qe8# { Black checkmated } 1-0

[Event "ICC tourney 2246 (120 10)"]
[Site "Internet Chess Club"]
[Date "2020.12.29"]
[Round "7"]
[White "chessrdu20"]
[Black "ethanz1606"]
[Result "1-0"]
[ICCResult "Black checkmated"]
[WhiteElo "1074"]
[BlackElo "1164"]
[Opening "Giuoco Pianissimo: Italian four knights variation"]
[ECO "C50"]
[NIC "IG.02"]
[Time "12:01:30"]
[PlyCount "141"]
[TimeControl "7200+10"]

1. e4 e5 2. Nf3 Nc6 3. Bc4 Bc5 4. Nc3 Nf6 5. d3 O-O 6. O-O h6 7. Be3 Bb6 8.
Bxb6 axb6 9. d4 d6 10. h3 Nxd4 11. Nxd4 exd4 12. Qxd4 Be6 13. Rfe1 Re8 14.
Bxe6 Rxe6 15. a3 Qe7 16. Rad1 Rd8 17. Nd5 Nxd5 18. Qxd5 Re5 19. Qxb7 d5 20.
c3 Rxe4 21. Rxe4 dxe4 22. Rxd8+ Qxd8 23. Qxe4 Qd1+ 24. Kh2 Qd6+ 25. Kg1 Kf8
26. Qe2 Qg6 27. Qd1 Ke7 28. Qe2+ Qe6 29. Qxe6+ Kxe6 30. Kf1 Kd5 31. b3 c5
32. f3 c4 33. b4 b5 34. Ke2 f5 35. Ke3 Ke5 36. Kf2 f4 37. Ke2 g5 38. Kf2 h5
39. Ke2 Kf5 40. Kf2 g4 41. hxg4+ hxg4 42. fxg4+ Kxg4 43. Kf1 f3 44. Kf2
fxg2 45. Kxg2 Kf4 46. Kf2 Ke4 47. Ke2 Kf4 48. Kd2 Kf3 49. Kc2 Ke2 50. Kb2
Kd2 51. a4 bxa4 52. b5 a3+ 53. Kxa3 Kxc3 54. b6 Kd2 55. b7 c3 56. b8=Q c2
57. Qd8+ Kc1 58. Qc7 Kd1 59. Kb2 c1=Q+ 60. Qxc1+ Ke2 61. Qc3 Kf2 62. Qd3
Kg2 63. Qf5 Kg3 64. Kc3 Kg2 65. Qf4 Kg1 66. Qf3 Kh2 67. Qg4 Kh1 68. Kd2 Kh2
69. Ke2 Kh1 70. Kf2 Kh2 71. Qh5# { Black checkmated } 1-0

[Event "ICC tourney 2246 (120 10)"]
[Site "Internet Chess Club"]
[Date "2020.12.29"]
[Round "7"]
[White "DWilston"]
[Black "mohitmukkollu"]
[Result "0-1"]
[ICCResult "White checkmated"]
[WhiteElo "976"]
[BlackElo "1225"]
[Opening "Philidor's defense"]
[ECO "C41"]
[NIC "KP.10"]
[Time "12:01:42"]
[PlyCount "88"]
[TimeControl "7200+10"]

1. e4 e5 2. Nf3 d6 3. Nc3 Nf6 4. Bc4 Be7 5. d3 Bg4 6. h3 Bh5 7. Be3 Nc6 8.
Qd2 Qd7 9. O-O-O O-O-O 10. g4 Bg6 11. Qe2 h6 12. Bb5 a6 13. Ba4 h5 14. d4
b5 15. dxe5 Nxe4 16. Nxb5 axb5 17. Qxb5 Nb8 18. Qb3 c6 19. exd6 Nxd6 20.
Qc3 Bf6 21. Qb4 Be4 22. Bc5 Bxf3 23. Rxd6 Qb7 24. Re1 Qxb4 25. Bxb4 Rxd6
26. Bxd6 Rd8 27. Bh2 hxg4 28. hxg4 Bg5+ 29. Kb1 Bh4 30. c3 Bxf2 31. Rf1
Be4+ 32. Bc2 Bxc2+ 33. Kxc2 Be3 34. Rxf7 Rd2+ 35. Kb3 Rxh2 36. Rxg7 Nd7 37.
g5 Bc1 38. g6 Rxb2+ 39. Ka3 Nc5 40. Rg8+ Kd7 41. Rg7+ Ke8 42. Rg8+ Ke7 43.
Rg7+ Kf6 44. Rg8 Rb7# { White checkmated } 0-1